Zazza, neutral female human Tourist # `##########################------ ---.- #------ #-....| ---------- |....########|..<.| |...>|# |........| ------ |...| ##|....| |....|######.........-# |??+?| |.$..########-.....# #.....-# |.>......|# |+???| ----- |....|# ###|....|# -.--.-----# ....| ------### --------- # ------ # -|- # |...$...-#%## ` # # # ###|.......| ##### # ### #.........### --I-.--# # # --------- +I^I..|################### |..I..| # ---.----.- |.....| # |.(......| ------- ###|........| #.........| |........| ---------- Zazza the Sightseer Experience level: 5 Strength: 10 Dexterity: 12 Constitution: 17 Intelligence: 14 Wisdom: 9 Charisma: 18 Health: 0(53) Energy: 16(16) Def: 4 Gold: 0 Moves: 3978 Dungeon seed: K0Dirb1BRHxTpt9k Game ID: Zazza_1574672452 Your Inventory: Weapons a - 26 +2 darts c - 2 +0 daggers (wielded) W - 3 +0 orcish daggers (in quiver) X - 3 +0 darts Armor e - an uncursed +0 Hawaiian shirt (being worn) q - an uncursed +0 oilskin cloak (being worn) r - an uncursed +0 orcish helm (being worn) N - an uncursed +0 pair of iron shoes (being worn) P - an uncursed +0 pair of iron shoes Y - an uncursed +0 dwarvish cloak Comestibles b - 2 uncursed food rations d - 2 uncursed eggs f - 3 uncursed slime molds h - an uncursed yellow mold corpse Q - an uncursed pear U - an uncursed tin of lichen V - an uncursed tin of fox meat Scrolls R - an uncursed scroll of magic mapping Z - a cursed scroll of light Potions k - an uncursed potion of object detection S - an uncursed potion of monster detection Rings i - an uncursed ring of searching j - an uncursed ring of protection from shape changers m - an uncursed ring of see invisible v - an uncursed ring of free action y - an uncursed +1 ring of adornment (on left hand) z - an uncursed ring of invisibility (on right hand) A - an uncursed ring of levitation Wands n - a wand of striking (0:3) Tools l - an expensive camera (0:49) o - an uncursed lock pick w - a magic marker (0:74) Spells and supernatural/magical abilities: Name Level Category Fail Memory W - pray for help -- divine ? -- Your skills at the end: Fighting Skills Weapon Skills dagger [Basic] dart [Basic] Spellcasting Skills Final Attributes: You were piously aligned. You were poison resistant. You were blinded. You were going to confuse monsters. You were adorned. You were invisible. You are dead. Vanquished creatures: a black pudding 2 small mimics 3 rock piercers a rock mole a floating eye 2 dwarves a rothe a giant bat a dwarf zombie 2 hobbits 2 manes a hobgoblin 2 giant rats 3 yellow molds a red mold a garter snake a gnome zombie 3 geckos a jackal a fox 3 kobolds a goblin 4 sewer rats 2 grid bugs 3 lichens 2 kobold zombies a newt 47 creatures vanquished. Voluntary challenges: You used a wielded weapon 60 times, starting on turn 1889. You read items or engraved 21 times, starting on turn 123. You never genocided any monsters. You never polymorphed an object. You never changed form. You used no wishes. You never split a pudding. You wrote Elbereth's name 7 times, starting on turn 2076. You never violated your personal moral code. Dungeon overview: The Dungeons of Doom: levels 1 to 4 Level 1 a long staircase Level 2 a general store, a fountain, a sink Level 3 a general store, an altar to The Lady Level 4 <- You were here a scroll shop a long staircase History has recorded: On T:1 you entered the Dungeons of Doom to retrieve the Amulet of Yendor! On T:353 you reached level 2 of The Dungeons of Doom. On T:865 you reached level 3 of The Dungeons of Doom. On T:1558 you advanced to experience level 2. On T:1731 you advanced to experience level 3. On T:1804 you advanced to experience level 4. On T:1892 you advanced to experience level 5. On T:3653 you reached level 4 of The Dungeons of Doom. Score breakdown: Gold: 0 ( 0 points) Experience: 5 levels (11141 points) Exploration: 4 levels ( 8.33%) ( 7579 points) Discoveries: 12 items ( 4.03%) ( 6020 points) Valuables value: (no points given unless you survive) Artifact value: 0 ( 0 points) Variety of kills: 27 monsters ( 7.09%) ( 7986 points) Turncount: 3978 turns (-1016 points) Survival: died (score multiplied by 80%) Total score: 25368 Latest messages: Never mind. You are now wearing a ring of invisibility. It bites! You write in the dust with your fingers. It hits! It bites! (2x) You begin praying to The Lady. You feel something move nearby. (7x) You feel that The Lady is well-pleased. As you pronounce the formula on it, the scroll disappears. Your hands tingle. (You can name a scroll labeled GARVEN DEH from the item naming menu.) It hits! You die... Final status: Aloha Zazza the Tourist, killed by a hobbit... You died in The Dungeons of Doom on dungeon level 4 with 25368 points, and 0 pieces of gold, after 3978 moves. You were level 5 with a maximum of 53 hit points when you died.